 Dungeon Crawl Stone Soup version 0.31-a0-1074-g0b22e4e0f1 (webtiles) character file.

Game seed: 18215962091830947017

676 jlumianski the Ruffian (level 7, -1/53 HPs)
             Began as a Gnoll Shapeshifter on Nov 29, 2023.
             Slain by Grinder (5 damage)
             ... on level 6 of the Dungeon.
             The game lasted 00:18:29 (4204 turns).

jlumianski the Ruffian (Gnoll Shapeshifter)         Turns: 4204, Time: 00:18:30

Health: -1/53      AC:  5    Str: 15    XL:     7   Next: 59%
Magic:  10/10      EV: 13    Int:  9    God:
Gold:   246        SH:  0    Dex: 18    Spells: 11/11 levels left

rFire   x . .        B - +4 rapier "Siopn" {heavy, *Rage rF- SInv Stlth+}
rCold   + . .        (no shield)
rNeg    . . .        g - +0 ring mail
rPois   .            (helmet currently unavailable)
rElec   .            (cloak currently unavailable)
rCorr   .            (gloves currently unavailable)
SInv    +            (boots currently unavailable)
Will    .....        (no amulet)
Stlth   +++          D - ring of protection from cold
HPRegen 0.28/turn    F - +6 ring of dexterity
MPRegen 0.12/turn

%: random rage (20%)
@: beast-form, on berserk cooldown, slowed, very slow
A: beast (slay +4), fangs 1, strong nose, distributed training
a: Begin Untransformation


You were on level 6 of the Dungeon.
You were a hulking beast.
You visited 1 branch of the dungeon, and saw 6 of its levels.

You collected 246 gold pieces.

Inventory:

Hand Weapons
 h - a +0 quarterstaff
 r - a +0 long sword
 v - a +0 dagger of venom
 B - the +4 rapier "Siopn" (weapon) {heavy, *Rage rF- SInv Stlth+}
   (You found it on level 3 of the Dungeon)

   rF-:       It makes you vulnerable to fire.
   SInv:      It lets you see invisible.
   *Rage:     It berserks you when you make melee attacks (+20% chance).
   Stlth+:    It makes you more stealthy.
Missiles
 e - 99 stones
 u - 4 poisoned darts (quivered)
 y - 4 javelins
 K - 2 throwing nets
Armour
 a - a +0 animal skin
 g - a +0 ring mail (worn)
 q - a +0 kite shield
Magical Staves
 E - a staff of death
Jewellery
 D - a ring of protection from cold (left hand)
 F - a +6 ring of dexterity (right hand)
 L - a ring of flight
Talismans
 c - a beast talisman
 d - a flux talisman
Wands
 j - a wand of roots (3)
 w - a wand of polymorph (8)
 z - a wand of flame (20)
 I - a wand of acid (13)
 J - a wand of mindburst (20)
Scrolls
 f - a scroll of enchant armour {unknown}
 i - a scroll of fear {unknown}
 k - 2 scrolls of immolation {unknown}
 o - 2 scrolls of teleportation {unknown}
 s - a scroll of revelation {unknown}
 t - 2 scrolls of fog {unknown}
 x - a scroll of noise {unknown}
 A - a scroll of enchant weapon {unknown}
 C - a scroll of blinking {unknown}
 G - a scroll of summoning {unknown}
 M - a scroll of identify
Potions
 b - 2 potions of lignification
 l - a potion of berserk rage
 m - a potion of curing
 n - a potion of cancellation
 p - a potion of brilliance
 H - a potion of heal wounds {unknown}


   Skills:
 + Level 3.7 Fighting
 + Level 2.6 Short Blades
 + Level 2.6 Long Blades
 + Level 2.6 Axes
 + Level 2.6 Maces & Flails
 + Level 2.6 Polearms
 + Level 2.6 Staves
 + Level 2.6 Ranged Weapons
 + Level 2.6 Throwing
 + Level 2.6 Armour
 + Level 5.3 Dodging
 + Level 2.6 Stealth
 + Level 2.6 Shields
 + Level 7.1 Unarmed Combat
 + Level 2.6 Spellcasting
 + Level 2.1 Conjurations
 + Level 2.1 Hexes
 + Level 2.1 Summonings
 + Level 2.1 Necromancy
 + Level 2.1 Translocations
 + Level 2.1 Transmutations
 + Level 2.1 Fire Magic
 + Level 2.1 Ice Magic
 + Level 2.1 Air Magic
 + Level 2.1 Earth Magic
 + Level 2.1 Poison Magic
 + Level 2.9 Invocations
 + Level 2.6 Evocations
 + Level 7.0 Shapeshifting


You had 11 spell levels left.
You didn't know any spells.
Your spell library contained the following spells:

 Spells                   Type           Power      Damage    Failure   Level
 Freeze                   Ice            20%        1d4       26%         1
 Necrotise                Necr           20%        1d5       26%         1
 Sting                    Tmut/Pois      20%        1d4       26%         1
 Summon Small Mammal      Summ           20%        N/A       26%         1
 Poisonous Vapours        Pois/Air       10%        N/A       36%         2
 Call Canine Familiar     Summ           5%         N/A       58%         3
 Frozen Ramparts          Ice            10%        1d2       58%         3
 Hailstorm                Conj/Ice       5%         3d4       58%         3
 Summon Guardian Golem    Hex/Summ       5%         N/A       58%         3
 Vampiric Draining        Necr           5%         2d6       58%         3
 Olgreb's Toxic Radiance  Pois           5%         N/A       94%         4
 Agony                    Necr           5%         N/A       100%        5


Dungeon Overview and Level Annotations

Branches:
Dungeon (6/15)
 Temple: D:4-7

Altars:

Annotations:
D:4 3 runed translucent doors, pokeman's ghost, amateur DEHW
D:6 Grinder


Innate Abilities, Weirdness & Mutations

You are a hulking beast.
Your limbs bulge with bestial killing power. (Slay +4)
You have very sharp teeth.
Your uncanny sense of smell can sniff out nearby items.
Your experience applies equally to all skills.


Message History

You closely miss the phantom.
The phantom is heavily damaged.
The phantom hits you.
The phantom hits you but does no damage.
Grinder gestures at you. You resist with significant effort.
You puncture the phantom!
You destroy the phantom!
Grinder misses you.
Your Shapeshifting skill increases to level 7!
You puncture Grinder!
Grinder is moderately wounded.
Grinder hits you.
You writhe in agony.
Grinder hits you.
You hit Grinder. Your punch misses Grinder.
Grinder is heavily wounded.
Grinder hits you!
A red film seems to cover your vision as you go berserk!
You feel yourself moving faster!
You feel mighty!
You impale Grinder!!
Grinder is almost dead.
Grinder blinks!
Found a stone staircase leading down.
You feel a strong urge to attack something.
Grinder gestures at you.
You suddenly lose the ability to move!
Grinder hits you! Grinder hits you.
You writhe in agony.
Grinder hits you!
Grinder blinks!
Grinder gestures at you. Pain shoots through your body!
* * * LOW HITPOINT WARNING * * *
You can move again.
You feel your anger nearly subside.
You are no longer berserk.
You are exhausted.
You feel yourself slow down. Grinder hits you!
* * * LOW HITPOINT WARNING * * *
You writhe in agony.
You die...
Grinder says, "Now the real fun starts!"

...... ....>. ## #.
.......## .# ### .##
##.......##.### .#.
..##.............# # ....
.....>.#...ยง....##.# ...#
...................
...#####..#..............#
.....##..##....5h.........
..........................
......#.....#..##..#..%...
....###....##.###..#.[..#.
.....##<...#..#........##
....##...).............#
........#...............
...##...#.........###....
..................# #..


You could see Grinder.

Vanquished Creatures
  Sigmund (D:2)
  A phantom (D:6)
  2 scorpions
  2 orc priests (D:3)
  2 hounds (D:4)
  Terence (D:2)
  3 gnolls (D:4)
  6 adders
  3 dart slugs
  10 orcs
  4 endoplasms
  2 giant cockroaches
  4 goblins
  8 hobgoblins
  20 jackals
  3 ball pythons
  7 bats
  3 frilled lizards
  4 kobolds
  2 rats
88 creatures vanquished.

Notes
Turn   | Place    | Note
-------+----------+-------------------------------------------
     0 | D:1      | jlumianski the Gnoll Shapeshifter began the quest for the
                  | Orb.
     0 | D:1      | Reached XP level 1. HP: 17/17 MP: 1/1
   194 | D:1      | Reached XP level 2. HP: 23/23 MP: 2/2
   640 | D:1      | Reached XP level 3. HP: 28/28 MP: 3/3
   796 | D:1      | Reached skill level 1 in Invocations
  1213 | D:2      | Noticed Sigmund
  1228 | D:2      | Killed Sigmund
  1229 | D:2      | Reached skill level 1 in Short Blades
  1229 | D:2      | Reached skill level 1 in Long Blades
  1229 | D:2      | Reached skill level 1 in Axes
  1229 | D:2      | Reached skill level 1 in Maces & Flails
  1229 | D:2      | Reached skill level 1 in Polearms
  1229 | D:2      | Reached skill level 1 in Staves
  1229 | D:2      | Reached skill level 1 in Ranged Weapons
  1229 | D:2      | Reached skill level 1 in Throwing
  1229 | D:2      | Reached skill level 1 in Armour
  1229 | D:2      | Reached skill level 1 in Stealth
  1229 | D:2      | Reached skill level 1 in Shields
  1229 | D:2      | Reached skill level 1 in Spellcasting
  1229 | D:2      | Reached skill level 1 in Conjurations
  1229 | D:2      | Reached skill level 1 in Hexes
  1229 | D:2      | Reached skill level 1 in Summonings
  1229 | D:2      | Reached skill level 1 in Necromancy
  1229 | D:2      | Reached skill level 1 in Translocations
  1229 | D:2      | Reached skill level 1 in Transmutations
  1229 | D:2      | Reached skill level 1 in Fire Magic
  1229 | D:2      | Reached skill level 1 in Ice Magic
  1229 | D:2      | Reached skill level 1 in Air Magic
  1229 | D:2      | Reached skill level 1 in Earth Magic
  1229 | D:2      | Reached skill level 1 in Poison Magic
  1229 | D:2      | Reached skill level 1 in Evocations
  1229 | D:2      | Reached XP level 4. HP: 23/35 MP: 4/6
  1229 | D:2      | Reached XP level 5. HP: 27/41 MP: 4/7
  1384 | D:3      | Reached XP level 6. HP: 32/47 MP: 8/8
  1799 | D:2      | Noticed Terence
  1807 | D:2      | Killed Terence
  2142 | D:3      | Reached skill level 5 in Dodging
  2193 | D:4      | Found a runed translucent gate.
  2193 | D:4      | Found a runed translucent gate.
  2195 | D:4      | Found a runed translucent gate.
  2201 | D:4      | Noticed pokeman's ghost (amateur DEHW)
  2683 | D:3      | Identified the +4 rapier "Siopn" {heavy, *Rage rF- SInv
                  | Stlth+}
  3187 | D:5      | Entered Level 5 of the Dungeon
  3255 | D:4      | Reached XP level 7. HP: 8/52 MP: 10/10
  4187 | D:6      | Noticed Grinder
  4197 | D:6      | Paralysed by Grinder for 5 turns
  4204 | D:6      | Slain by Grinder

Illustrated notes

Levels and vault maps discovered:
D:1:      minmay_arrival_shattered_statue, layout_loops_corners,
          minmay_tiny_reverse_x
D:2:      layout_loops_ring, minmay_pentomino_u4, uniq_sigmund, uniq_terence
D:3:      layout_basic, serial_bayou, serial_bayou_pond_d,
          serial_bayou_crossing, serial_bayou_shore_b, serial_bayou_pond_a
D:4:      layout_loops_cross, gammafunk_ghost_necromancy
D:5:      layout_loops_cross, serial_shops, shop, nicolae_shop_real_fake_doors
D:6:      layout_cave_pools, nicolae_grassy_gnolls, uniq_grinder, uniq_edmund

Skill      XL: |  1  2  3  4  5  6  7 |
---------------+----------------------+-----
Invocations    | 1 2 |  2.9
Fighting       | 3 |  3.7
Short Blades   | 1 2 |  2.6
Long Blades    | 1 2 |  2.6
Axes           | 1 2 |  2.6
Maces & Flails | 1 2 |  2.6
Polearms       | 1 2 |  2.6
Staves         | 1 2 |  2.6
Ranged Weapons | 1 2 |  2.6
Throwing       | 1 2 |  2.6
Armour         | 1 2 |  2.6
Stealth        | 1 2 |  2.6
Shields        | 1 2 |  2.6
Spellcasting   | 1 2 |  2.6
Conjurations   | 1 2 |  2.1
Hexes          | 1 2 |  2.1
Summonings     | 1 2 |  2.1
Necromancy     | 1 2 |  2.1
Translocations | 1 2 |  2.1
Transmutations | 1 2 |  2.1
Fire Magic     | 1 2 |  2.1
Ice Magic      | 1 2 |  2.1
Air Magic      | 1 2 |  2.1
Earth Magic    | 1 2 |  2.1
Poison Magic   | 1 2 |  2.1
Evocations     | 1 2 |  2.6
Dodging        | 5 |  5.3
Unarmed Combat | 7 |  7.1
Shapeshifting  | 7 |  7.0

Action                     |  1- 3 |  4- 6 |  7- 9 || total
---------------------------+-------+-------+-------++-------
  Melee: Unarmed           |    55 |    89 |     1 ||   145
         Bite              |     3 |     8 |     1 ||    12
         Rapier            |       |    12 |    26 ||    38
         Punch             |       |     5 |     1 ||     6
  Throw: Stone             |     3 |       |       ||     3
         Dart              |       |     7 |     2 ||     9
  Evoke: Wand              |       |     1 |       ||     1
    Use: Scroll            |     2 |     2 |       ||     4
         Potion            |     2 |     1 |       ||     3
   Stab: Sleeping          |       |     1 |     1 ||     2
 Armour: Animal skin       |     3 |       |       ||     3
         Ring mail         |    34 |    53 |    18 ||   105
         Skin              |       |     1 |       ||     1
  Dodge: Dodged            |    34 |    52 |    13 ||    99

Table legend: (Time is in decaauts)
 A = Elapsed time spent in this place.
 B = Non-inter-level travel time spent in this place.
 C = Inter-level travel time spent in this place.
 D = Time resting spent in this place.
 E = Time spent auto-exploring this place.
 F = Levels seen in this place.
 G = Mean time per level.
                   A        B        C        D        E       F      G
               +--------+--------+--------+--------+--------+-----+--------+
         Total |   4281 |   4162 |    119 |    324 |   2043 |   6 |  713.5 |
       Dungeon |   4281 |   4162 |    119 |    324 |   2043 |   6 |  713.5 |
               +--------+--------+--------+--------+--------+-----+--------+

Top non-repeatable levels by time:
     D:4: 1042 daAuts
     D:3: 1013 daAuts
     D:1: 978 daAuts
     D:2: 820 daAuts
     D:6: 214 daAuts
     D:5: 212 daAuts
